 Dungeon Crawl Stone Soup version 0.19-a0-1851-g3228ea0 (webtiles) character file.

347 Fhqwhgads the Shield-Bearer (level 6, -2/47 HPs)
             Began as a Formicid Fighter on Oct 10, 2016.
             Slain by an ogre
             ... wielding a +0 giant club
              (20 damage)
             ... on level 4 of the Dungeon.
             The game lasted 00:06:24 (3474 turns).

Fhqwhgads the Shield-Bearer (Formicid Fighter)      Turns: 3474, Time: 00:06:25

Health: -2/47      AC:  9    Str: 22    XL:     6   Next: 91%
Magic:  6/6        EV:  6    Int:  8    God:
Gold:   82         SH: 11    Dex: 10    Spells: 0 memorised, 5 levels left

rFire  . . .     SeeInvis +     a - +0 war axe
rCold  . . .     Gourm    .     x - +0 chain mail
rNeg   . . .     Faith    .     c - +1 shield
rPois  .         Spirit   .     (helmet unavailable)
rElec  .         Dismiss  .     (no cloak)
rCorr  .         Reflect  .     (no gloves)
MR     .....     Harm     .     (no boots)
Stlth  ..........               (no amulet)
                                (no ring)
                                (no ring)

@: no status effects
A: permanent stasis, dig shafts and tunnels, four strong arms, antennae 3,
regeneration 1
a: Dig, Shaft Self


You were on level 4 of the Dungeon.
You were hungry.

You visited 1 branch of the dungeon, and saw 4 of its levels.

You collected 82 gold pieces.

Inventory:

Hand Weapons
 a - a +0 war axe (weapon)
Missiles
 o - 12 bolts
Armour
 c - a +1 shield (worn)
 x - a +0 chain mail (worn)
Magical Staves
 d - an uncursed staff of death
 w - an uncursed staff of poison
Wands
 i - a wand of iceblast (7/15)
Scrolls
 e - 2 scrolls of identify
 h - a scroll of fear
 n - 2 scrolls of remove curse
Potions
 g - a potion of magic
 j - 2 potions of curing
 q - a potion of lignification
 s - a potion of degeneration {unknown}
 v - a potion of brilliance {unknown}
Comestibles
 f - 2 bread rations
 p - 8 fruits


   Skills:
 - Level 3.2 Fighting
 * Level 5.6 Axes
 - Level 3.2 Armour
 + Level 5.7 Shields


You had 5 spell levels left.
You didn't know any spells.

Dungeon Overview and Level Annotations

Branches:
Dungeon (4/15)
 Temple: D:4-7

Altars:
Fedhas
Kikubaaqudgha
Yredelemnul

Annotations:
D:3 Fhqwhgads's ghost, amateur FoFi


Innate Abilities, Weirdness & Mutations

You are under a permanent stasis effect.
You can dig through walls and to a lower floor.
Your four strong arms can wield two-handed weapons with a shield.
You have a pair of large antennae on your head. (SInv)
Your natural rate of healing is unusually fast.


Message History

You block the ogre's attack.
A jackal comes into view.
The jackal barks!
You hit the ogre but do no damage.
The ogre is moderately wounded.
The ogre hits you but does no damage.
A jackal comes into view.
The jackal barks!
You slash the ogre!
The ogre is severely wounded.
The jackal moves out of view.
The ogre hits you with a giant club!
An ogre comes into view. It is wielding a giant spiked club.
Your shield and chain mail prevent you from hitting the ogre.
The ogre is severely wounded.
The ogre shouts!
The ogre hits you with a giant club!
You barely miss the ogre.
The ogre is severely wounded.
The ogre hits you with a giant club!!
You die...

#.#.# #.#.# #.#.#
#.#.# #.#.#######
#.#.# #.#.#......
#.#.#####'#'#.#####
#.#.##........# .
#.#.##........#
....##.#.##........#
....'..@..'>.......#
.O..##O#.##........#
h #h#.##.....†..#
..#.##.##+#'#.#
...#.##.##.#.#.#
....#.##+##.#.#.#
..##+#.........#.#
... ........##.#.#
........####.#


You could see 2 ogres and 2 jackals.

Vanquished Creatures
  Sigmund (D:2)
  A worker ant (D:4)
  4 gnolls
  6 adders
  An ooze (D:3)
  An adder skeleton (D:3)
  A worm (D:3)
  2 dart slugs (D:2)
  2 leopard geckos (D:1)
  4 orcs (D:3)
  A giant cockroach (D:1)
  5 goblins
  4 hobgoblins
  3 jackals (D:3)
  8 bats
  4 frilled lizards
  7 kobolds
  9 rats
64 creatures vanquished.

Notes
Turn   | Place    | Note
-------+----------+-------------------------------------------
     0 | D:1      | Fhqwhgads the Formicid Fighter began the quest for the Orb.
     0 | D:1      | Reached XP level 1. HP: 18/18 MP: 1/1
   321 | D:1      | Reached XP level 2. HP: 23/24 MP: 2/2
   601 | D:1      | Reached XP level 3. HP: 23/29 MP: 3/3
  1147 | D:2      | Found a blossoming altar of Fedhas.
  1268 | D:2      | Reached XP level 4. HP: 18/35 MP: 4/4
  1315 | D:2      | Noticed Sigmund
  1629 | D:2      | Killed Sigmund
  1629 | D:2      | Reached skill level 5 in Shields
  1629 | D:2      | Reached XP level 5. HP: 4/41 MP: 5/5
  1629 | D:2      | Reached XP level 6. HP: 5/47 MP: 6/6
  1869 | D:2      | Reached skill level 5 in Axes
  2001 | D:2      | Found an ancient bone altar of Kikubaaqudgha.
  2476 | D:3      | Noticed Fhqwhgads's ghost (amateur FoFi)
  2495 | D:3      | Gained mutation: Your natural rate of healing is unusually fast. [potion of beneficial mutation]
  2739 | D:3      | Found a basalt altar of Yredelemnul.
  3468 | D:4      | Noticed an ogre
  3473 | D:4      | Noticed an ogre
  3474 | D:4      | Slain by an ogre

Vault maps used:
D:1:      dpeg_arrival_windows_large_door, serial_co_window_serial,
          co_window_corner_a, co_window_paths_b, co_window_of_opportunity_a,
          co_window_paths_b, co_window_paths_a, co_window_corner_ca,
          co_window_unsneaky_path_d, co_window_corner_cb, co_window_2corner,
          co_window_corner_b, co_window_corner_ca, co_window_paths_d,
          co_window_paths_e, glass_columns_c, glass_columns_b, glass_columns_b
D:2:      overflow_temple_1_default, fedhas_altar_fruit_tree, uniq_sigmund
D:3:      yredelemnul_altar_generic

Skill      XL: |  1  2  3  4  5  6 |
---------------+-------------------+-----
Shields        | 4 5 |  5.7
Axes           | 3 4 5 |  5.6
Fighting       | |  3.2
Armour         | |  3.2

Action                   |  1- 3 |  4- 6 || total
-------------------------+-------+-------++-------
Melee: War axe           |    91 |   158 ||   249
  Use: Potion            |       |     3 ||     3
       Scroll            |       |    10 ||    10
  Eat: Chunk             |     1 |     7 ||     8
Armor: Scale mail        |    30 |    36 ||    66
       Chain mail        |       |    27 ||    27
Dodge: Dodged            |    19 |    43 ||    62
Block: Shield            |    49 |    93 ||   142
